 Dungeon Crawl Stone Soup version 0.20.0-15-g7f486f2 (webtiles) character file.

22 Zachthehappycat the Grasshopper (level 2, 0/15 HPs)
             Began as a Spriggan Warper on July 1, 2017.
             Succumbed to an adder's poison
             ... on level 2 of the Dungeon.
             The game lasted 00:02:26 (585 turns).

Zachthehappycat the Grasshopper (Spriggan Warper)    Turns: 585, Time: 00:02:27

Health: 0/15       AC:  2    Str:  7    XL:     2   Next: 68%
Magic:  7/7        EV: 19    Int: 14    God:
Gold:   40         SH:  0    Dex: 15    Spells: 7/7 levels left

rFire    . . .     SeeInvis +   h - +1 dagger (venom)
rCold    . . .     Gourm    .   (shield restricted)
rNeg     . . .     Faith    .   b - +0 robe
rPois    .         Spirit   .   (helmet restricted)
rElec    .         Reflect  .   (no cloak)
rCorr    .         Harm     .   (gloves unavailable)
MR       .....                  (boots unavailable)
Stlth    +.........             (no amulet)
Regen    0.1/turn               (no ring)
MPRegen  0.1/turn               (no ring)

@: lethally poisoned (0 -> -7), very quick
A: unfitting armour, see invisible, herbivore 3, speed 3, slow metabolism 2
a: no special abilities


You were on level 2 of the Dungeon.
You were not hungry.

You visited 1 branch of the dungeon, and saw 2 of its levels.

You collected 40 gold pieces.

Inventory:

Hand Weapons
 h - a +1 dagger of venom (weapon)
Missiles
 e - 5 tomahawks of dispersal (quivered)
 j - 85 stones
 n - 20 arrows
Armour
 b - a +0 robe (worn)
Scrolls
 a - a scroll of identify {unknown}
 d - a scroll of blinking
 i - a scroll of magic mapping {unknown}
 l - a scroll of fear {unknown}
 m - a scroll of enchant armour {unknown}
 o - a scroll of recharging {unknown}
Potions
 k - a potion of agility {unknown}
Books
 c - a book of Spatial Translocations

   Spells                             Type                      Level
   a - Blink                          Translocation                2
   b - Shroud of Golubria             Charms/Translocation         2
   c - Lesser Beckoning               Translocation                3
   d - Gell's Gravitas                Translocation                3
   e - Teleport Other                 Translocation                3
   f - Passage of Golubria            Translocation                4
Comestibles
 f - 2 bread rations
 g - a royal jelly


   Skills:
 * Level 1.9 Fighting
 + Level 2.8 Short Blades
 - Level 1.0 Throwing
 + Level 3.7 Dodging
 + Level 3.1 Spellcasting
   Level 4.4 Translocations


You had 7 spell levels left.
You didn't know any spells.

Dungeon Overview and Level Annotations

Branches:
Dungeon (2/15)

Altars:
Kikubaaqudgha


Innate Abilities, Weirdness & Mutations

You are very small and have problems with some larger weapons.
You are too small for most types of armour.
You have supernaturally acute eyesight. (SInv)
You are a herbivore.
You cover ground extremely quickly.
You need consume almost no food.


Message History

You see here a dagger.
o - a scroll labeled KULENE HOF COR You now have 40 gold pieces (gained 8).
An ooze comes into view.
The ooze quivers.
An adder comes into view.
The adder hisses angrily.
Found 13 gold pieces and 23 stones.
Found an ancient bone altar of Kikubaaqudgha.
The adder bites you. The ooze hits you.
You hit the ooze.
The ooze is lightly wounded.
The adder misses you. The ooze completely misses you.
The adder completely misses you. The adder bites you.
* * * LOW HITPOINT WARNING * * *
You are lethally poisoned!
The adder poisons you!
You die...

(# ### .# # ... ..## .#
.. ##.## #..# #####
.#... ..... #..=
#...##.#..#
......#.##.###.........#
...$..#J##.#.....†...#..
.._...S.##.......††....#
......#.####.......#####
......#@# ##....###
..... #.# #....#
##.####.# #.####
........#####.#######
.#.#.........).......
.....######.#.##.####
####. #.#.# # # ..#.#
####.#


You could see an ooze and an adder.

Vanquished Creatures
  3 dart slugs (D:1)
  A giant cockroach (D:1)
  3 hobgoblins (D:1)
  2 bats (D:2)
  A frilled lizard (D:1)
  5 goblins
  A rat (D:1)
16 creatures vanquished.

Notes
Turn   | Place    | Note
-------+----------+-------------------------------------------
     0 | D:1      | Zachthehappycat the Spriggan Warper began the quest for the Orb.
     0 | D:1      | Reached XP level 1. HP: 10/10 MP: 5/5
   259 | D:1      | Reached XP level 2. HP: 14/14 MP: 7/7
   579 | D:2      | Found an ancient bone altar of Kikubaaqudgha.
   585 | D:2      | Succumbed to an adder's poison

Skill      XL: |  1 |
---------------+----+-----
Spellcasting   | 3 |  3.1
Fighting       | |  1.9
Short Blades   | |  2.8
Throwing       | |  1.0
Dodging        | |  3.7
Translocations | |  4.4

Action                   || total
-------------------------++-------
Melee: Dagger            ||    44
       Short sword       ||     5
 Stab: Sleeping          ||     1
Armor: Robe              ||    11
Dodge: Dodged            ||    45
